 Dungeon Crawl Stone Soup version 0.29-a0-221-gceb61267dd (webtiles) character file.

Game seed: 10219239524531282084

13006 freelancePsychic the Black Sun (level 11, -2/91 HPs)
             Began as a Demonspawn Necromancer on Feb 26, 2022.
             Was a High Priest of Kikubaaqudgha.
             Slain by an eight-headed hydra (6 damage)
             ... on level 2 of the Lair of Beasts.
             The game lasted 00:25:46 (12026 turns).

freelancePsychic the Black Sun (DsNe)              Turns: 12026, Time: 00:25:47

Health: -2/91      AC: 16    Str:  9    XL:     11   Next: 69%
Magic:  19/19      EV:  6    Int: 25    God:    Kikubaaqudgha [*****.]
Gold:   547        SH:  0    Dex: 19    Spells: 4/21 levels left

rFire   + . .      SeeInvis .   i - +8 whip of True Grit {pain, rF+ Int+2}
rCold   . . .      Faith    .   (no shield)
rNeg    . . .      Spirit   .   B - +0 steam dragon scales
rPois   .          Reflect  .   k - +4 helmet of Failure {Will+ Int+2}
rElec   .          Harm     .   E - +2 cloak {Will+}
rCorr   .          Rampage  .   (no gloves)
Will    ++...                   (no boots)
Stlth   ++........              (no amulet)
HPRegen 0.25/turn               q - +6 ring of dexterity
MPRegen 0.16/turn               (no ring)

@: held
A: ignite blood 1, sharp scales 3, demonic magic 2
a: Renounce Religion, Receive Corpses, Torment


You were on level 2 of the Lair of Beasts.
You worshipped Kikubaaqudgha.
Kikubaaqudgha was extremely pleased with you.
You visited 3 branches of the dungeon, and saw 14 of its levels.
You also visited: Sewer.

You collected 682 gold pieces.
You spent 135 gold pieces at shops.

Inventory:

Hand Weapons
 b - a +0 dagger of protection
 i - the +8 whip of True Grit (weapon) {pain, rF+ Int+2}
   (You found it on level 3 of the Dungeon)

   In the hands of one skilled in necromantic magic, it inflicts extra damage on
   living creatures.
   Int:       It affects your intelligence (+2).
   rF:        It protects you from fire.
Missiles
 h - 28 poisoned darts
 G - 3 throwing nets
Armour
 a - a +0 robe
 f - a +0 leather armour
 j - a +0 buckler
 k - the +4 helmet of Failure (worn) {Will+ Int+2}
   (You acquired it on level 4 of the Dungeon)

   Int:       It affects your intelligence (+2).
   Will:      It increases your willpower.
 B - +0 steam dragon scales (worn)
 E - a +2 cloak of willpower (worn)
 I - a +0 troll leather armour
Jewellery
 q - a +6 ring of dexterity (left hand)
 F - a ring of positive energy
Wands
 u - a wand of digging (7)
 y - a wand of paralysis (9)
 H - a wand of polymorph (3)
 K - a wand of flame (9)
Scrolls
 g - a scroll of blinking
 m - a scroll of amnesia
 n - a scroll of noise
 o - 2 scrolls of fog
 p - a scroll of teleportation {@r4}
 t - 3 scrolls of fear
 D - 2 scrolls of magic mapping
 J - 3 scrolls of vulnerability {unknown}
Potions
 c - a potion of resistance
 d - a potion of brilliance
 e - 3 potions of curing {unknown}
 l - 5 potions of lignification {unknown}
 r - 3 potions of haste {unknown}
 s - a potion of magic {unknown}
 v - a potion of invisibility {unknown}
 x - 3 potions of heal wounds {@q2}
 z - 2 potions of might {unknown}
 A - 4 potions of mutation {unknown}
 C - 2 potions of flight


   Skills:
 + Level 10.2 Fighting
 - Level 0.1 Short Blades
 - Level 7.8 Maces & Flails
 - Level 1.7 Dodging
 - Level 1.7 Stealth
 + Level 5.8 Spellcasting
 + Level 5.4 Hexes
 + Level 12.6 Necromancy


You had 4 spell levels left.
You knew the following spells:

 Your Spells              Type           Power      Damage    Failure   Level
a - Death Channel         Necr           31%        N/A       7%          6
b - Vampiric Draining     Necr           63%        2d10      1%          3
c - Animate Dead          Necr           31%        N/A       1%          4
d - Dispel Undead         Necr           63%        3d22      1%          4

Your spell library contained the following spells:

 Spells                   Type           Power      Damage    Failure   Level
 Animate Skeleton         Necr           100%       N/A       1%          1
 Pain                     Necr           100%       1d9       1%          1
 Corpse Rot               Necr/Air       76%        N/A       1%          2
 Sublimation of Blood     Necr           63%        N/A       1%          2
 Anguish                  Hex/Necr       25%        N/A       1%          4
 Gell's Gravitas          Tloc           7%         N/A       22%         3
 Ignite Poison            Fire/Tmut/Pois 7%         N/A       22%         3
 Lesser Beckoning         Tloc           7%         N/A       22%         3
 Mephitic Cloud           Conj/Pois/Air  7%         N/A       22%         3
 Teleport Other           Tloc           7%         N/A       22%         3
 Airstrike                Air            3%         N/A       58%         4
 Petrify                  Tmut/Erth      7%         N/A       58%         4
 Summon Lightning Spire   Summ/Air       7%         N/A       58%         4
 Agony                    Necr           63%        N/A       1%          5
 Simulacrum               Ice/Necr       19%        N/A       65%         6
 Freezing Cloud           Conj/Ice/Air   3%         6-21      91%         5
 Irradiate                Conj/Tmut      3%         3d14      91%         5
 Lightning Bolt           Conj/Air       3%         1d15      91%         5


Dungeon Overview and Level Annotations

Branches:
Dungeon (11/15)            Temple (1/1) D:4            Lair (2/6) D:10
 Shoals (0/4) Lair:2        Sewer (visited)
  Snake: Lair:2-4    Spider: Lair:2-4       Orc: D:9-12

Altars:
Ashenzari
Cheibriados
Dithmenos
Elyvilon
Fedhas
Kikubaaqudgha
Nemelex Xobeh
Qazlal
Trog
Uskayaw
Xom
Yredelemnul
Zin
The Shining One

Shops:
D:2 ?

Annotations:
D:2 Jessica, Sigmund
D:6 1 transporter
D:10 exclusion: downstairs


Innate Abilities, Weirdness & Mutations

Your demonic aura sometimes causes spilled blood to erupt in flames.
You are completely covered in razor-sharp scales. (AC +3, Slay +3)
Spells you cast may paralyse nearby enemies.


Message History

The merfolk hits you from afar with a +0 trident.
You rip the net and break free!
Your wolf bites the merfolk! x2
The merfolk closely misses you.
The merfolk throws a throwing net.
The throwing net misses your wolf.
The throwing net closely misses your wolf.
The throwing net hits you.
You become entangled in the net!
The merfolk hits you from afar with a +0 trident.
The merfolk siren chants a haunting song.
You resist with almost no effort.
You struggle against the net.
Your wolf bites the merfolk.
The merfolk hits you from afar with a +0 trident.
Your wolf bites the merfolk.
The merfolk barely misses your wolf.
Your wolf bites the eight-headed hydra!
The merfolk barely misses you.
You tear a large gash into the net.
Your wolf bites the merfolk but does no damage. x2
The eight-headed hydra is engulfed in blazing flames.
The eight-headed hydra bites you but does no damage. x3
The eight-headed hydra bites you!
The eight-headed hydra bites you but does no damage. x3
The eight-headed hydra barely misses you.
The merfolk hits you but does no damage.
Your wolf closely misses the merfolk.
The merfolk completely misses your wolf.
Your wolf completely misses the merfolk.
The merfolk hits you from afar with a +0 trident!
Your wolf is engulfed in blazing flames.
You struggle against the net.
Your wolf bites the merfolk.
Your wolf bites the merfolk!
The eight-headed hydra is engulfed in blazing flames.
The eight-headed hydra bites you!
* * * LOW HITPOINT WARNING * * *
The eight-headed hydra bites you.
* * * LOW HITPOINT WARNING * * *
The eight-headed hydra bites you but does no damage.
The eight-headed hydra closely misses you.
The eight-headed hydra bites you!
* * * LOW HITPOINT WARNING * * *
The eight-headed hydra bites you.
You die...
Kikubaaqudgha rasps: "You have failed me!
Welcome... death!"

#.##...
....... ###
....... ##...
.......
##..#># .....
.m.≈≈≈≈
#..h#hmm≈###
#.hhhm###.##
##.@###<...##
#..hD.......#
##...........#
#...........##
#.$.........#
###.......P##
#..##P....#
#...##.......
#P..# .......


You could see an eight-headed hydra, 3 merfolk, a merfolk siren and 6 friendly
wolves.

Vanquished Creatures
  Gastronok (D:8)
  Erolcha (D:9)
  Maurice (D:7)
  Joseph (D:8)
  4 cane toads
  Maggie (D:8)
  Psyche (D:9)
  A kobold demonologist (D:10)
  2 trolls
  Prince Ribbit (D:6)
  A polar bear (Lair:2)
  A shadow (D:10)
  A wyvern (D:9)
  A vampire (D:9)
  A basilisk (Lair:1)
  15 yaks
  A steam dragon (D:9)
  A water moccasin (D:9)
  4 sky beasts
  A black bear (D:6)
  5 orc warriors
  An ice beast (D:7)
  A necrophage (D:6)
  2 centaurs
  3 phantoms
  2 kobold brigands
  5 bullfrogs
  A gnoll sergeant (D:9)
  3 scorpions
  19 killer bees
  6 wights
  4 howler monkeys
  3 hounds
  4 jellies
  3 orc priests
  2 gnoll shamans
  6 orc wizards
  2 iguanas
  14 gnolls
  10 adders
  2 river rats (D:6)
  2 shadow imps (D:7)
  2 white imps
  3 ufetubi
  6 worms
  4 dart slugs
  38 orcs
  4 ball pythons
  6 endoplasms
  5 giant cockroaches
  6 hobgoblins
  2 quokkas
  8 bats
  9 frilled lizards
  9 goblins
  22 kobolds
  9 rats
  A spectral goblin (D:1)
275 creatures vanquished.

Vanquished Creatures (collateral kills)
  A moth of wrath (D:9)
  3 wights (D:8)
4 creatures vanquished.

Vanquished Creatures (others)
  3 fungi
  3 plants
6 creatures vanquished.

Grand Total: 285 creatures vanquished

Notes
Turn   | Place    | Note
-------+----------+-------------------------------------------
     0 | D:1      | freelancePsychic the Demonspawn Necromancer began the quest
                  | for the Orb.
     0 | D:1      | Reached XP level 1. HP: 13/13 MP: 3/3
   448 | D:1      | Gained mutation: You are partially covered in razor-sharp
                  | scales. (AC +1, Slay +1) [demonic ancestry]
   448 | D:1      | Reached XP level 2. HP: 15/19 MP: 0/5
   582 | D:1      | Found a faded altar of an unknown god.
  1400 | D:2      | Reached skill level 5 in Necromancy
  1400 | D:2      | Reached XP level 3. HP: 12/24 MP: 0/7
  1404 | D:2      | Learned a level 3 spell: Vampiric Draining
  1922 | D:2      | Found Xepitoux's Magic Scroll Shoppe.
  1925 | D:2      | Bought a scroll of identify for 20 gold pieces
  1925 | D:2      | Bought a scroll of summoning for 95 gold pieces
  2109 | D:2      | Noticed Jessica
  2111 | D:2      | Noticed Sigmund
  2253 | D:3      | Found a basalt altar of Yredelemnul.
  2286 | D:3      | Gained mutation: You are mostly covered in razor-sharp
                  | scales. (AC +2, Slay +2) [demonic ancestry]
  2286 | D:3      | Reached XP level 4. HP: 7/30 MP: 0/8
  2492 | D:3      | Reached skill level 6 in Necromancy
  2663 | D:3      | Identified the +8 whip of True Grit {pain, rF+ Int+2}
  2882 | D:3      | Found a snail-covered altar of Cheibriados.
  2896 | D:3      | Reached skill level 1 in Fighting
  3108 | D:3      | Gained mutation: You are completely covered in razor-sharp
                  | scales. (AC +3, Slay +3) [demonic ancestry]
  3108 | D:3      | Reached XP level 5. HP: 37/37 MP: 2/9
  3399 | D:2      | Bought a scroll of identify for 20 gold pieces
  3465 | D:4      | Noticed a phantom
  3571 | D:4      | Reached skill level 1 in Maces & Flails
  4052 | D:4      | Identified a scroll of acquirement
  4053 | D:4      | Acquired the +4 helmet of Failure {Will+ Int+2}
  4136 | D:5      | Entered Level 5 of the Dungeon
  4140 | D:5      | Gained mutation: Spells you cast may paralyse adjacent
                  | enemies. [demonic ancestry]
  4140 | D:5      | Reached XP level 6. HP: 44/44 MP: 4/10
  4264 | D:4      | Found a staircase to the Ecumenical Temple.
  4274 | Temple   | Entered the Ecumenical Temple
  4293 | Temple   | Became a worshipper of Kikubaaqudgha
  4421 | D:4      | Learned a level 4 spell: Animate Dead
  4505 | D:5      | Reached skill level 7 in Necromancy
  4584 | D:5      | Noticed a sky beast
  4625 | D:4      | Killed a sky beast
  4626 | D:4      | Gained mutation: Your demonic aura sometimes causes spilled
                  | blood to erupt in flames. [demonic ancestry]
  4626 | D:4      | Reached XP level 7. HP: 49/52 MP: 4/11
  4758 | D:5      | Found a shimmering altar of Xom.
  4872 | D:5      | Found an ancient bone altar of Kikubaaqudgha.
  5036 | D:6      | Noticed Prince Ribbit
  5060 | D:6      | Killed Prince Ribbit
  5061 | D:6      | Reached skill level 8 in Necromancy
  5061 | D:6      | Reached XP level 8. HP: 51/61 MP: 0/12
  5212 | D:6      | Reached skill level 5 in Fighting
  5262 | D:6      | Reached * piety under Kikubaaqudgha
  5262 | D:6      | Received a gift from Kikubaaqudgha
  5280 | D:6      | Found a glowing drain.
  5320 | Sewer    | Entered a sewer
  5487 | Sewer    | Reached skill level 5 in Maces & Flails
  5792 | D:6      | Found a sparkling altar of Nemelex Xobeh.
  5792 | D:6      | Found a transporter.
  5793 | D:6      | Noticed a two-headed ogre
  5852 | D:6      | Reached ** piety under Kikubaaqudgha
  5960 | D:6      | Reached skill level 9 in Necromancy
  6332 | D:7      | Reached XP level 9. HP: 69/69 MP: 9/13
  6933 | D:7      | Found a hide-covered altar of Uskayaw.
  7371 | D:8      | Noticed Maurice
  7383 | D:7      | Killed Maurice
  7543 | D:8      | Noticed Gastronok
  7558 | D:8      | Noticed Maggie
  7579 | D:8      | Killed Maggie
  7580 | D:8      | Reached skill level 10 in Necromancy
  7590 | D:8      | Killed Gastronok
  7591 | D:8      | Reached XP level 10. HP: 36/80 MP: 4/14
  7943 | D:8      | Noticed Joseph
  8230 | D:8      | Killed Joseph
  8231 | D:8      | Reached skill level 11 in Necromancy
  8809 | D:9      | Reached *** piety under Kikubaaqudgha
  8809 | D:9      | Received a gift from Kikubaaqudgha
  8815 | D:9      | Learned a level 4 spell: Dispel Undead
  8880 | D:9      | Noticed Erolcha
  8895 | D:9      | Killed Erolcha
  8896 | D:9      | Reached skill level 1 in Hexes
  9170 | D:9      | Noticed Psyche
  9176 | D:9      | Killed Psyche
  9852 | D:9      | Noticed a moth of wrath
  9871 | D:9      | Killed a moth of wrath
  9872 | D:9      | Gained mutation: Spells you cast may paralyse nearby
                  | enemies. [demonic ancestry]
  9872 | D:9      | Reached XP level 11. HP: 84/89 MP: 12/17
 10085 | D:9      | Found a bloodstained altar of Trog.
 10096 | D:9      | Reached **** piety under Kikubaaqudgha
 10159 | D:10     | Entered Level 10 of the Dungeon
 10627 | D:10     | Found a staircase to the Lair.
 10737 | D:10     | Reached skill level 12 in Necromancy
 10919 | D:10     | Reached skill level 5 in Spellcasting
 11269 | D:11     | Noticed a green ugly thing
 11310 | Lair:1   | Entered Level 1 of the Lair of Beasts
 11322 | Lair:1   | Learned a level 6 spell: Death Channel
 11747 | Lair:1   | Reached skill level 10 in Fighting
 11765 | Lair:1   | Reached skill level 5 in Hexes
 11850 | Lair:1   | Reached ***** piety under Kikubaaqudgha
 11983 | Lair:1   | Noticed a four-headed hydra
 12013 | Lair:2   | Noticed an eight-headed hydra
 12017 | Lair:2   | Found a staircase to the Shoals.
 12026 | Lair:2   | HP: 4/91 [eight-headed hydra (13)]
 12026 | Lair:2   | Slain by an eight-headed hydra

Illustrated notes

Levels and vault maps discovered:
D:1:      mrwooster_arrival_statue, layout_rooms,
          dreamdust_ecumenical_altar_drowned_temple, st_stairs_6,
          minmay_misc_feat_tiny
D:2:      layout_basic, serial_shops, nicolae_shop_behind_doors, uniq_sigmund,
          uniq_jessica, uniq_crazy_yiuf_cottage
D:3:      layout_basic, cheibrodos_worm_habitat, mainiacjoe_overflow_boulevard
D:4:      layout_basic, minmay_temple_entry_trees
D:5:      layout_rooms, hangedman_feature_mirror
D:6:      layout_loops_ring, grunt_nemelex_the_gamble, portal_sewer_entry_c,
          uniq_prince_ribbit1
D:7:      layout_loops_ring, mainiacjoe_overflow_brackets
D:8:      layout_cave_pods, uniq_maggie, uniq_joseph, uniq_gastronok,
          uniq_maurice
D:9:      layout_basic, tgw_trog, minmay_door_square, uniq_erolcha, uniq_psyche
D:10:     nicolae_cairo_tiling_large, layout_irregular_city, zin_treasury
D:11:     minmay_distorted_concentric_squares, layout_small_grid, orc_0_dummy
Temple:   eino_temple_scatter_basement
Lair:1:   layout_chaotic_city, serial_bayou_pond_c
Lair:2:   layout_gridlike, elwin_shoals_entry_stream,
          nicolae_spider_entry_tight_spaces

Skill      XL: |  1  2  3  4  5  6  7  8  9 10 11 |
---------------+----------------------------------+-----
Necromancy     | 5 6 7 8 9 10 11 12 | 12.6
Fighting       | 1 2 3 4 6 8 9 10 | 10.2
Maces & Flails | 2 3 4 5 7 |  7.8
Spellcasting   | 4 5 |  5.8
Hexes          | 3 5 |  5.4
Short Blades   | |  0.1
Dodging        | |  1.7
Stealth        | |  1.7

Action                   |  1- 3 |  4- 6 |  7- 9 | 10-12 || total
-------------------------+-------+-------+-------+-------++-------
Melee: Dagger            |    22 |    18 |       |       ||    40
       Whip              |       |    45 |   206 |   220 ||   471
       Punch             |       |       |     2 |     2 ||     4
 Cast: Pain              |    60 |    37 |       |       ||    97
       Vampiric Draining |       |    16 |    28 |    34 ||    78
       Animate Dead      |       |       |     3 |     9 ||    12
       Dispel Undead     |       |       |       |     4 ||     4
Invok: Receive Corpses   |       |       |     3 |     1 ||     4
Evoke: Wand              |       |       |       |     3 ||     3
  Use: Scroll            |     3 |     4 |     5 |     3 ||    15
       Potion            |       |     4 |       |       ||     4
 Stab: Paralysed         |       |     5 |     8 |    32 ||    45
       Sleeping          |       |       |     5 |     2 ||     7
       Distracted        |       |       |       |     2 ||     2
Armor: Robe              |     5 |       |       |       ||     5
       Leather armour    |     6 |    26 |    67 |       ||    99
       Ring mail         |       |       |    13 |       ||    13
       Steam dragon scal |       |       |       |    85 ||    85
Dodge: Dodged            |    27 |    40 |    94 |   120 ||   281

Table legend: (Time is in decaauts)
 A = Elapsed time spent in this place.
 B = Non-inter-level travel time spent in this place.
 C = Inter-level travel time spent in this place.
 D = Time resting spent in this place.
 E = Time spent auto-exploring this place.
 F = Levels seen in this place.
 G = Mean time per level.
                   A        B        C        D        E       F      G
               +--------+--------+--------+--------+--------+-----+--------+
         Total |  11982 |  11539 |    443 |    937 |   8399 |  15 |  798.8 |
       Dungeon |  10908 |  10474 |    434 |    937 |   7574 |  11 |  991.6 |
        Temple |     35 |     27 |      8 |      0 |     16 |   1 |   35.0 |
          Lair |    704 |    704 |      0 |      0 |    579 |   2 |  352.0 |
         Sewer |    333 |    333 |      0 |      0 |    230 |   1 |  333.0 |
               +--------+--------+--------+--------+--------+-----+--------+

Top non-repeatable levels by time:
     D:9: 1368 daAuts
     D:3: 1315 daAuts
     D:1: 1310 daAuts
     D:7: 1307 daAuts
     D:8: 1303 daAuts
    D:10: 1125 daAuts
     D:4: 1048 daAuts
     D:2: 845 daAuts
     D:6: 844 daAuts
  Lair:1: 673 daAuts
     D:5: 433 daAuts
   Sewer: 333 daAuts
  Temple: 35 daAuts
  Lair:2: 31 daAuts
    D:11: 4 daAuts
